 Dungeon Sprint DCSS version 0.28-a0-1616-g050a50673c (webtiles) character file.

Game seed: 8241734152916012456

1816 mhtbhm the Grappler (level 9, -2/86 HPs)
             Began as a Ghoul Berserker on Jan 22, 2022.
             Was an Elder of Trog.
             Slain by a centaur warrior (11 damage)
             ... in the Dungeon (Sprint IX: "|||||||||||||||||||||||||||||").
             The game lasted 00:01:34 (632 turns).

mhtbhm the Grappler (Ghoul Berserker)                Turns: 632, Time: 00:01:34

Health: -2/86      AC:  6    Str: 24    XL:     9   Next: 10%
Magic:  8/8        EV: 15    Int:  6    God:    Trog [****..]
Gold:   0          SH:  0    Dex:  8    Spells: 8/8 levels left

rFire   . . .      SeeInvis .     - Unarmed
rCold   + . .      Faith    .   (no shield)
rNeg    + + +      Spirit   .   a - +0 troll leather armour
rPois   ∞          Reflect  .   (no helmet)
rElec   .          Harm     .   (no cloak)
rCorr   .          Rampage  .   (no gloves)
Will    ++...      NoTele   +   i - +0 pair of boots
Stlth   +++.......              (no amulet)
HPRegen 1.00/turn               j - +3 ring of intelligence
MPRegen 0.11/turn               k - +2 ring of evasion

@: strong-willed, regenerating
A: claws 1, cold resistance 1, negative energy resistance 3, inhibited
regeneration, torment resistance 2
a: Renounce Religion, Trog's Hand, Brothers in Arms


You were in the Dungeon.
You worshipped Trog.
Trog was greatly pleased with you.
You visited 1 branch

Inventory:

Armour
 a - a +0 troll leather armour (worn)
 i - a +0 pair of boots (worn)
Jewellery
 j - a +3 ring of intelligence (left claw)
 k - a +2 ring of evasion (right claw)
Wands
 h - a wand of acid (5)
Scrolls
 f - 2 scrolls of blinking
Potions
 b - 3 potions of curing
 e - 4 potions of magic
 g - a potion of heal wounds


   Skills:
 + Level 10.9 Fighting
 + Level 5.6 Armour
 + Level 7.6 Dodging
 + Level 6.6 Stealth
 + Level 14.2 Unarmed Combat
 + Level 3.0 Evocations


You had 8 spell levels left.
You didn't know any spells.
Your spell library was empty.

Dungeon Overview and Level Annotations

Branches:
Dungeon (1/1)

Altars:
Cheibriados
Dithmenos
Elyvilon
Fedhas
Gozag
Hepliaklqana
Kikubaaqudgha
Makhleb
Nemelex Xobeh
Okawaru
Qazlal
Ru
Sif Muna
Trog
Uskayaw
Vehumet
Wu Jian
Xom
Yredelemnul
Zin
The Shining One
Beogh
Jiyva
Lugonu


Innate Abilities, Weirdness & Mutations

You thrive by killing the living.
You are immune to poison.
You have sharp fingernails.
Your flesh is cold resistant. (rC+)
You are immune to negative energy. (rN+++)
You do not regenerate when monsters are visible.
You are immune to unholy pain and torment.


Message History

Your experience leads to an increase in your attributes!
Your base attributes are Str 22, Int 3, Dex 8.
Increase (S)trength, (I)ntelligence, or (D)exterity?
You feel stronger. x2
Unknown command.
The centaur warrior unwields a +0 shortbow.
The centaur warrior hits you.
* * * LOW HITPOINT WARNING * * *
The centaur warrior kicks you but does no damage.
There is an open door, spattered with blood here.
Things that are here:
3 large rocks; a manticore corpse Unknown command.
You claw the centaur warrior!
The centaur warrior is lightly wounded.
The centaur warrior completely misses you.
The centaur warrior barely misses you.
You scratch the centaur warrior.
The centaur warrior is lightly wounded.
The centaur warrior barely misses you. x2
You scratch the centaur warrior.
The centaur warrior is moderately wounded.
The centaur warrior hits you.
* * * LOW HITPOINT WARNING * * *
The centaur warrior kicks you but does no damage.
The centaur warrior hits you but does no damage.
The centaur warrior kicks you but does no damage.
You mangle the centaur warrior!!
The centaur warrior is heavily wounded.
The centaur warrior hits you but does no damage.
The centaur warrior completely misses you.
Unknown command.
You scratch the centaur warrior.
The centaur warrior is heavily wounded.
The centaur warrior closely misses you.
The centaur warrior kicks you but does no damage.
You scratch the centaur warrior but do no damage.
The centaur warrior is heavily wounded.
The centaur warrior hits you!
You die...

▓.▓
▓'▓
▓)▓
▓[▓
▓.▓
▓.▓
▓.▓
▓†▓
▓@▓
▓c▓
▓u▓
▓y▓
▓.▓
▓.▓
▓.▓
▓+▓


You could see a red ugly thing, a centaur warrior and a vampire mosquito.

Vanquished Creatures
  A manticore (D)
  2 trolls (D)
  A vampire mosquito (D)
  2 centaurs (D)
  An adder (D)
  2 orcs (D)
  2 bat zombies (D)
  An endoplasm (D)
  2 quokkas (D)
  A bat (D)
  A giant cockroach zombie (D)
  A goblin (D)
17 creatures vanquished.

Vanquished Creatures (collateral kills)
  An ugly thing (D)
  A cyclops (D)
2 creatures vanquished.

Grand Total: 19 creatures vanquished

Notes
Turn   | Place    | Note
-------+----------+-------------------------------------------
     0 | D        | mhtbhm the Ghoul Berserker began the quest for the Orb.
     0 | D        | Reached XP level 1. HP: 19/19 MP: 0/0
    12 | D        | Reached ** piety under Trog
    16 | D        | Reached skill level 4 in Unarmed Combat
   147 | D        | Reached XP level 2. HP: 28/28 MP: 1/1
   148 | D        | Reached *** piety under Trog
   152 | D        | Reached skill level 5 in Unarmed Combat
   158 | D        | Found a snail-covered altar of Cheibriados.
   158 | D        | Found a shadowy altar of Dithmenos.
   158 | D        | Found a blossoming altar of Fedhas.
   158 | D        | Found an opulent altar of Gozag.
   159 | D        | Found a hazy altar of Hepliaklqana.
   160 | D        | Found a viscous altar of Jiyva.
   161 | D        | Found an ancient bone altar of Kikubaaqudgha.
   162 | D        | Found a corrupted altar of Lugonu.
   163 | D        | Found a burning altar of Makhleb.
   164 | D        | Found a sparkling altar of Nemelex Xobeh.
   165 | D        | Found an iron altar of Okawaru.
   166 | D        | Found a stormy altar of Qazlal.
   167 | D        | Found a sacrificial altar of Ru.
   168 | D        | Found a shimmering blue altar of Sif Muna.
   169 | D        | Found a bloodstained altar of Trog.
   170 | D        | Found a hide-covered altar of Uskayaw.
   171 | D        | Found a radiant altar of Vehumet.
   172 | D        | Found an ornate altar of the Wu Jian Council.
   173 | D        | Found a shimmering altar of Xom.
   174 | D        | Found a basalt altar of Yredelemnul.
   317 | D        | Noticed a centaur
   317 | D        | Noticed a centaur
   317 | D        | Noticed a troll
   317 | D        | Noticed a troll
   317 | D        | Noticed a vampire mosquito
   325 | D        | Killed a centaur
   325 | D        | Reached **** piety under Trog
   326 | D        | Reached skill level 5 in Fighting
   326 | D        | Reached skill level 6 in Unarmed Combat
   326 | D        | Reached XP level 3. HP: 17/37 MP: 2/2
   326 | D        | Reached XP level 4. HP: 20/44 MP: 3/3
   328 | D        | Killed a centaur
   329 | D        | Reached skill level 1 in Stealth
   329 | D        | Reached skill level 7 in Unarmed Combat
   329 | D        | Reached XP level 5. HP: 23/51 MP: 4/4
   337 | D        | Killed a troll
   337 | D        | Killed a troll
   337 | D        | Killed a vampire mosquito
   337 | D        | Reached ***** piety under Trog
   338 | D        | Reached skill level 11 in Unarmed Combat
   338 | D        | Reached XP level 6. HP: 14/63 MP: 5/5
   338 | D        | Reached XP level 7. HP: 16/70 MP: 6/6
   609 | D        | Noticed a cyan ugly thing
   609 | D        | Noticed a cyclops
   609 | D        | Noticed a manticore
   609 | D        | Noticed a centaur warrior
   609 | D        | Noticed a vampire mosquito
   609 | D        | Noticed a red ugly thing
   617 | D        | Killed a cyan ugly thing
   618 | D        | Reached skill level 5 in Armour
   618 | D        | Reached skill level 5 in Stealth
   618 | D        | Reached skill level 12 in Unarmed Combat
   618 | D        | Reached XP level 8. HP: 8/79 MP: 7/7
   618 | D        | Killed a cyclops
   619 | D        | Reached skill level 10 in Fighting
   619 | D        | Reached skill level 13 in Unarmed Combat
   625 | D        | Killed a manticore
   626 | D        | Reached skill level 14 in Unarmed Combat
   626 | D        | Reached XP level 9. HP: 10/86 MP: 8/8
   632 | D        | Slain by a centaur warrior

Illustrated notes

Levels and vault maps discovered:
D:        linesprint [early_d, line_temple, items_1, d_10, items_2, lair_1,
          lair_end, items_3, orc_1, orc_end, items_4, d_15, swamp_1, shoals_1,
          snake_1, spider_1, d_20, vaults_1, items_5, swamp_end, shoals_end,
          snake_end, spider_end, vaults_end, d_27, items_6, zot_1, zot_end,
          crypt_end, forest_end, elf_end, slime_end, tomb_end, abyss_end,
          pan_hell_end]

Skill      XL: |  1  2  3  4  5  6  7  8 |
---------------+-------------------------+-----
Dodging        | 2 3 6 7 |  7.6
Fighting       | 4 5 6 9 10 | 10.9
Armour         | 2 3 4 5 |  5.6
Unarmed Combat | 4 6 7 11 12 14 | 14.2
Stealth        | 1 4 5 6 |  6.6
Evocations     | 2 3 |  3.0

Action                   |  1- 3 |  4- 6 |  7- 9 || total
-------------------------+-------+-------+-------++-------
Melee: Unarmed           |    31 |     6 |    12 ||    49
       Punch             |       |       |     1 ||     1
Invok: Trog's Hand       |       |       |     1 ||     1
       Brothers in Arms  |       |       |     1 ||     1
Evoke: Wand              |       |     5 |       ||     5
  Use: Potion            |     3 |     1 |     2 ||     6
 Stab: Invisible         |     1 |     2 |       ||     3
Armor: Animal skin       |     6 |     1 |       ||     7
       Troll leather arm |       |       |     7 ||     7
Dodge: Dodged            |    25 |    11 |    11 ||    47

Table legend: (Time is in decaauts)
 A = Elapsed time spent in this place.
 B = Non-inter-level travel time spent in this place.
 C = Inter-level travel time spent in this place.
 D = Time resting spent in this place.
 E = Time spent auto-exploring this place.
 F = Levels seen in this place.
 G = Mean time per level.
                   A        B        C        D        E       F      G
               +--------+--------+--------+--------+--------+-----+--------+
         Total |    610 |    610 |      0 |    465 |      3 |   1 |  610.0 |
       Dungeon |    610 |    610 |      0 |    465 |      3 |   1 |  610.0 |
               +--------+--------+--------+--------+--------+-----+--------+

Top non-repeatable levels by time:
       D: 610 daAuts
